 Dungeon Crawl Stone Soup version 0.23-a0-49-gd9f7a49 (webtiles) character file.

1438 MovingMist the Covered (level 8, -12/51 HPs)
             Began as a Gargoyle Fighter on Aug 7, 2018.
             Mangled by an orc warrior
             ... wielding a +0 halberd
              (14 damage)
             ... on level 5 of the Dungeon.
             The game lasted 00:16:46 (6321 turns).

MovingMist the Covered (Gargoyle Fighter)           Turns: 6321, Time: 00:16:47

Health: -12/51     AC: 14    Str: 21    XL:     8   Next: 74%
Magic:  8/8        EV: 10    Int:  8    God:
Gold:   354        SH:  9    Dex: 11    Spells: 7/7 levels left

rFire    . . .     SeeInvis .   j - +4 whip
rCold    . . .     Gourm    .   c - +0 shield
rNeg     + . .     Faith    .   b - +0 scale mail
rPois    ∞         Spirit   .   m - +0 helmet
rElec    +         Reflect  .   (no cloak)
rCorr    .         Harm     .   (no gloves)
MR       .....                  (no boots)
Stlth    ..........             (no amulet)
HPRegen  0.17/turn              (no ring)
MPRegen  0.11/turn              (no ring)

@: no status effects
A: negative energy resistance 1, electricity resistance, unbreathing,
petrification resistance, rot immunity, AC +5
a: no special abilities


You were on level 5 of the Dungeon.
You were hungry.

You visited 1 branch of the dungeon, and saw 6 of its levels.
You also visited: Sewer.

You collected 354 gold pieces.

Inventory:

Hand Weapons
 j - a +4 whip (weapon)
 w - a +0 spear of freezing
Missiles
 x - a throwing net (quivered)
Armour
 b - a +0 scale mail (worn)
 c - a +0 shield (worn)
 m - a +0 helmet (worn)
Scrolls
 a - a scroll of noise {unknown}
 h - a scroll of magic mapping {unknown}
 k - 2 scrolls of teleportation {unknown}
 n - a scroll of enchant armour {unknown}
 o - 2 scrolls of blinking {unknown}
 q - a scroll of amnesia {unknown}
 r - 4 scrolls of remove curse
 v - a scroll of random uselessness {unknown}
Potions
 d - a potion of might
 e - 2 potions of flight
 g - a potion of curing
 i - a potion of brilliance
 l - a potion of heal wounds
 p - 3 potions of lignification
 s - a potion of invisibility
 u - 2 potions of resistance
Comestibles
 f - 15 rations


   Skills:
 + Level 6.0 Fighting
 + Level 5.0 Maces & Flails
 + Level 6.1 Armour
 * Level 5.2 Dodging
 - Level 3.6 Shields


You had 7 spell levels left.
You didn't know any spells.
Your spell library was empty.

Dungeon Overview and Level Annotations

Branches:
Dungeon (6/15)
 Temple: D:4-7

Altars:
Nemelex Xobeh
Vehumet
Xom
Zin
The Shining One


Innate Abilities, Weirdness & Mutations

You are resistant to torment.
Your stone body is resilient. (AC +5)
You are immune to poison.
You resist negative energy. (rN+)
You are resistant to electric shocks. (rElec)
You can survive without breathing.
You are immune to petrification.
You are immune to rotting.


Message History

The orc warrior closely misses you.
You hit the orc warrior but do no damage.
The crimson imp hits you.
* * * LOW HITPOINT WARNING * * *
The orc warrior barely misses you.
You barely miss the orc warrior. You block the crimson imp's attack.
The orc warrior misses you.
You hit the orc warrior.
The orc warrior is lightly wounded.
You block the crimson imp's attack.
You closely miss the orc warrior.
The orc warrior is lightly wounded.
The orc warrior hits you with a halberd!
* * * LOW HITPOINT WARNING * * *
The crimson imp barely misses you.
You hit the orc warrior but do no damage.
The orc warrior is lightly wounded.
You block the crimson imp's attack.
The orc warrior hits you with a halberd!
You die...

.....#+##.....#.#
.....#........#.#
.....#........#.#
..##.#..........####
..##...............#
..##............##.#
.................#.#
'#)##.....(....5##.#
.).##.......##.o@..#
...............#####
............##.##.#
.#.........(##....####
##...................#
.....................#
......####(..........#
.....................#
.....................#


You could see an orc warrior and a crimson imp.

Vanquished Creatures
  2 ogres (D:5)
  A centaur (D:5)
  A big kobold (Sewer)
  A gnoll sergeant (D:5)
  2 crimson imps (D:5)
  A hound (D:4)
  4 gnoll shamans
  2 orc priests (D:4)
  Natasha (thrice) (D:4)
  2 orc wizards (D:5)
  7 worker ants
  7 adders
  32 gnolls
  2 river rats (Sewer)
  An adder skeleton (D:4)
  A worm (D:4)
  A dart slug (D:3)
  4 leopard geckos
  8 orcs
  3 giant cockroaches
  9 goblins
  4 hobgoblins (D:1)
  17 jackals
  12 kobolds
  3 ball pythons
  3 bats
  A frilled lizard (D:3)
  A jackal skeleton (D:4)
  A leopard gecko zombie (D:5)
  A quokka skeleton (D:4)
  10 rats
147 creatures vanquished.

Notes
Turn   | Place    | Note
-------+----------+-------------------------------------------
     0 | D:1      | MovingMist the Gargoyle Fighter began the quest for the Orb.
     0 | D:1      | Reached XP level 1. HP: 14/14 MP: 1/1
   189 | D:1      | Reached XP level 2. HP: 16/19 MP: 2/2
   973 | D:2      | Reached XP level 3. HP: 23/23 MP: 3/3
  1343 | D:2      | Reached skill level 1 in Dodging
  1558 | D:3      | Reached XP level 4. HP: 29/29 MP: 4/4
  1807 | D:3      | Found a glowing silver altar of Zin.
  1928 | D:4      | Found a glowing drain.
  1938 | D:4      | Noticed Natasha
  1948 | D:4      | Killed Natasha
  1954 | Sewer    | Entered a sewer
  1970 | Sewer    | Reached XP level 5. HP: 16/33 MP: 5/5
  2160 | Sewer    | Noticed a big kobold
  2190 | Sewer    | Killed a big kobold
  2207 | Sewer    | Found a glowing silver altar of Zin.
  2258 | D:4      | Noticed Natasha
  2267 | D:4      | Killed Natasha
  2329 | D:4      | Reached XP level 6. HP: 37/39 MP: 6/6
  2528 | D:4      | Noticed Natasha
  2543 | D:4      | Killed Natasha
  2846 | D:4      | Found a glowing golden altar of the Shining One.
  2846 | D:4      | Found a shimmering altar of Xom.
  2847 | D:4      | Found a radiant altar of Vehumet.
  2936 | D:4      | Found a sparkling altar of Nemelex Xobeh.
  2988 | D:4      | Reached XP level 7. HP: 44/44 MP: 7/7
  3130 | D:5      | Entered Level 5 of the Dungeon
  3249 | D:5      | Reached skill level 5 in Armour
  3407 | D:5      | Reached skill level 5 in Fighting
  4103 | D:5      | Reached XP level 8. HP: 23/49 MP: 8/8
  5837 | D:5      | Reached skill level 5 in Dodging
  6059 | D:5      | Reached skill level 5 in Maces & Flails
  6320 | D:5      | HP: 2/51 [orc warrior/halberd (7)]
  6321 | D:5      | Mangled by an orc warrior

Vault maps used:
D:1:      lemuel_arrival_behind_the_door_large, serial_park_tiny_1,
          chequers_big_river
D:2:      hangedman_decor_peaks_small
D:3:      first_ration, lemuel_tele_altar
D:4:      gammafunk_temple_overflow_claw, cheibrodos_sewer_entry_drain,
          nemelex_lonely_heart_becter, uniq_natasha
D:5:      lemuel_castle_with_subvaults, serial_bayou_pond_c, grunt_ministairs_4
D:6:      basic_altar, uniq_prince_ribbit1
Sewer:    sewer_kobolds

Skill      XL: |  1  2  3  4  5  6  7  8 |
---------------+-------------------------+-----
Dodging        | 1 2 3 4 5 |  5.2
Fighting       | 4 5 6 |  6.0
Armour         | 4 5 6 |  6.1
Maces & Flails | 3 4 5 |  5.0
Shields        | |  3.6

Action                   |  1- 3 |  4- 6 |  7- 9 || total
-------------------------+-------+-------+-------++-------
Melee: Flail             |    71 |       |       ||    71
       Whip              |    49 |   192 |   450 ||   691
  Use: Scroll            |     3 |     1 |     7 ||    11
       Potion            |       |       |     3 ||     3
  Eat: Chunk             |     2 |     5 |    11 ||    18
Armor: Scale mail        |    66 |    90 |   222 ||   378
Dodge: Dodged            |    40 |    65 |   194 ||   299
Block: Shield            |    82 |   104 |   245 ||   431

Table legend:
 A = Spawn XP
 B = Non-spawn XP
 C = Spawn XP percentage of total XP
 D = Spawn monster count
 E = Non-spawn monster count
 F = Spawn count percentage of total count
 G = Total turns spent on level
                    A         B        C        D         E        F      G
               +---------+---------+-------+---------+---------+-------+---------
         Total |       0 |    2055 |   0.0 |       0 |     147 |   0.0 |  6321
               +---------+---------+-------+---------+---------+-------+---------
           D:1 |       0 |      26 |   0.0 |       0 |      18 |   0.0 |   874
           D:2 |       0 |      33 |   0.0 |       0 |      11 |   0.0 |   565
           D:3 |       0 |      33 |   0.0 |       0 |      12 |   0.0 |   467
           D:4 |       0 |     574 |   0.0 |       0 |      31 |   0.0 |  1607
           D:5 |       0 |    1260 |   0.0 |       0 |      63 |   0.0 |  2473
         Sewer |       0 |     129 |   0.0 |       0 |      12 |   0.0 |   299
               +---------+---------+-------+---------+---------+-------+---------
